 Dungeon Crawl Stone Soup version 0.30.0-20-g3615ddf2f0 (webtiles) character file.

Game seed: 6514095648385086918

283970 qw the Impregnable (level 20, 0/139 HPs)
             Began as a Gargoyle Fighter on May 27, 2023.
             Was a High Priest of Okawaru.
             Slain by a vault warden
             ... wielding a +0 bardiche
              (19 damage)
             ... on level 4 of the Vaults.
             The game lasted 00:25:56 (38362 turns).

qw the Impregnable (Gargoyle Fighter)              Turns: 38362, Time: 00:25:56

Health: 0/139      AC: 64    Str: 26    XL:     20   Next: 97%
Magic:  25/27      EV:  8    Int: 12    God:    Okawaru [*****.]
Gold:   1500       SH: 21    Dex:  5    Spells: 19/19 levels left

rFire   + . .        j - +9 war axe (vamp)
rCold   + + .        r - +2 kite shield {reflect}
rNeg    + . .        z - +6 crystal plate armour
rPois   inf          F - -1 helmet of Resilience {rC+ Regen+}
rElec   +            E - scarf {rC+ rF+}
rCorr   .            a - +2 pair of gloves
SInv    +            c - +2 pair of boots {Stlth+}
Will    ++...        B - amulet of reflection Stlth
                     g - ring of willpower
HPRegen 1.23/turn    w - ring of see invisible
MPRegen 0.20/turn

%: reflection
@: about to teleport, heroic, flying
A: sickness immunity, AC +15, big wings, negative energy resistance 1,
electricity resistance, torment resistance 1, petrification resistance,
iridescent scales 1, clumsy 2
}: 1/15 runes: gossamer
a: Renounce Religion, Heroism, Finesse, Duel


You were on level 4 of the Vaults.
You worshipped Okawaru.
Okawaru was extremely pleased with you.
You visited 6 branches of the dungeon, and saw 33 of its levels.
You also visited: Ossuary.

You collected 4041 gold pieces.
You spent 2541 gold pieces at shops.


Innate Abilities, Weirdness & Mutations

You are immune to sickness and miasma.
Your stone body is resilient. (AC +15)
You are immune to poison.
Your large and strong wings let you fly.
You resist negative energy. (rN+)
You are resistant to electric shocks. (rElec)
You are resistant to unholy torment.
You are immune to petrification.
You are partially covered in iridescent scales. (AC +2)
You are very clumsy. (Dex -4)


   Skills:
 + Level 19.2(24.2) Fighting
 - Level 16.0(21.0) Axes
 - Level 10.0(15.0) Throwing
 - Level 22.0(27) Armour
 - Level 2.1(7.1) Dodging
 - Level 17.0(22.0) Shields
 - Level 10.0 Invocations


You had 19 spell levels left.
You didn't know any spells.
Your spell library was empty.

Inventory:

Hand Weapons
 j - a +9 vampiric war axe (weapon)
 u - a +3 broad axe of electrocution
Missiles
 e - 2 javelins (quivered)
 t - 3 silver boomerangs
 v - 32 boomerangs
Armour
 a - a +2 pair of gloves (worn)
 c - a +2 pair of boots of stealth (worn)
 o - a +2 cloak
 r - a +2 kite shield of reflection (worn)
 z - a +6 crystal plate armour (worn)
 C - the +9 ice dragon scales of the Worm {rF- rC++ Will+ Int+3 Slay-6 SInv}
   (You bought it in a shop on level 4 of the Vaults)

   Int:       It affects your intelligence (+3).
   Slay:      It affects your accuracy & damage with ranged weapons and melee
   (-6).
   rF:        It makes you vulnerable to fire.
   rC:        It greatly protects you from cold.
   SInv:      It lets you see invisible.
   Will:      It increases your willpower.
 E - a scarf of resistance (worn)
 F - the -1 helmet of Resilience (worn) {rC+ Regen+}
   (Okawaru gifted it to you on level 1 of the Vaults)

   rC:        It protects you from cold.
   Regen:     It increases your rate of health regeneration.
Jewellery
 g - a ring of willpower (left hand)
 w - a ring of see invisible (right hand)
 x - the ring of Xom's Full Attention {rC+ Int+9 Slay-5}
   (You found it on level 4 of the Lair of Beasts)

   [ring of protection from cold]

   Int:       It affects your intelligence (+9).
   Slay:      It affects your accuracy & damage with ranged weapons and melee
   (-5).
   rC:        It protects you from cold.
 A - a ring of positive energy
 B - an amulet of reflection (around neck)
Wands
 y - a wand of digging (8)
Scrolls
 k - a scroll of brand weapon
 p - 18 scrolls of identify
 D - 3 scrolls of teleportation
Potions
 b - 2 potions of magic
 d - 5 potions of might
 f - 3 potions of heal wounds
 h - 10 potions of mutation
 i - 4 potions of resistance
 l - 9 potions of attraction
 m - 7 potions of haste
 n - 9 potions of curing
 q - 2 potions of cancellation
 s - 8 potions of lignification

Dungeon Overview and Level Annotations

Branches:
Dungeon (15/15)            Temple (0/1) D:7            Lair (5/5) D:11
 Shoals (3/4) Lair:2       Spider (4/4) Lair:3        Slime (0/5) Lair:5
    Orc (2/2) D:10            Elf (0/3) Orc:2        Vaults (4/5) D:13
  Crypt (0/3) Vaults:3     Depths (0/4) D:15        Ossuary (visited)

Altars:
Ashenzari
Makhleb
Nemelex Xobeh
Okawaru
Sif Muna
Wu Jian
Zin
The Shining One
Jiyva

Shops:
D:9 :   Orc:1 !   Orc:2 ([*:   Shoals:2 *   Vaults:2 (   Vaults:4 [[

Annotations:
D:2 1 runed translucent door, Crazy Yiuf
D:3 3 runed translucent doors, qw's ghost, amateur GrFi
D:13 3 runed translucent doors
Lair:2 4 runed translucent doors, qw's ghost, journeyman GrFi
Orc:1 2 transporters, reasonance's ghost, journeyman GrBe
Vaults:1 1 runed translucent door, qw's ghost, adept GrFi
Vaults:2 2 runed translucent doors, rgbqcd's ghost, veteran MiBe


Message History

The ironbound convoker barely misses you.
You block the vault warden's attack.
You slash the ironbound convoker!
You feel better.
You kill the ironbound convoker!
Okawaru accepts your kill.
You slice the vault warden!!
You feel better.
The vault warden hits you with a +0 battleaxe!
You block the vault guard's attack. The vault warden closely misses you.
The yaktaur shoots a bolt.
The bolt hits you but does no damage.
You slash the vault warden!
You feel better.
The vault warden is heavily wounded.
The vault guard hits you from afar with a +0 halberd.
Electricity crackles from the ironbound thunderhulk's apparatus.
The bolt of lightning hits you! You resist.
The vault warden hits you from afar with a +0 bardiche!!!
The vault warden hits you but does no damage.
38361 ||| INVOKING Heroism.
You gain the combat prowess of a mighty hero.
The yaktaur shoots a bolt.
You block the bolt with your +2 kite shield of reflection... and reflect it back!
The bolt hits the yaktaur!!
You kill the yaktaur!
Okawaru accepts your kill.
The yaktaur shoots a bolt.
The bolt hits you but does no damage. You block the vault warden's attack.
The vault guard hits you but does no damage.
Electricity crackles from the ironbound thunderhulk's apparatus.
The bolt of lightning hits you! You resist.
The vault warden hits you from afar with a +0 bardiche!!!
38362 ||| READING 4 scrolls of teleportation.
As you read the scroll of teleportation, it crumbles to dust.
You feel strangely unstable.
The yaktaur shoots a bolt.
You block the bolt with your +2 kite shield of reflection... and reflect it back!
The bolt hits the yaktaur!
The vault guard hits you but does no damage.
Electricity crackles from the ironbound thunderhulk's apparatus.
The bolt of lightning hits you! You resist.
The vault warden hits you from afar with a +0 bardiche!!
You die...

#.# ##+## ##.## ###
#...# #...# ####..
###...####...###.###.
#.......+.)...'...###
#.......#.....##.## #
#.......##...##...#
###...####...###)##
#)@p# ##.####'####
##)## #.'........


pp) ###........ .cOc# #........ .....# #........ ......# #........ #(.....#
#........ #.(....# #........ #........ You could see 2 vault wardens, an
ironbound thunderhulk, a vault guard and 2 yaktaurs.

Vanquished Creatures
  A golden dragon (Vaults:4)
  Arachne (Spider:4)
  Rupert (D:12)
  Polyphemus (Shoals:2)
  2 krakens
  2 tengu reavers (Vaults:4)
  A shadow dragon (Vaults:3)
  Frances (Shoals:1)
  Aizul (Spider:2)
  16 vault wardens
  2 fire giants
  An orc warlord (Orc:2)
  2 emperor scorpions (Spider:4)
  5 ghost moths
  12 ironbound preservers
  4 broodmothers
  A stone giant (Vaults:1)
  4 ironbound thunderhulks
  4 war gargoyles
  10 very ugly things
  Azrael (Spider:2)
  11 dire elephants
  A merfolk javelineer (Shoals:2)
  A spark wasp (Spider:2)
  A crystal guardian (Vaults:4)
  Snorg (Lair:4)
  3 ettins
  4 merfolk impalers
  A deep elf death mage (Vaults:1)
  6 entropy weavers
  9 yaktaur captains
  A rakshasa (D:15)
  8 great orbs of eyes
  15 vault guards
  Erolcha (Orc:1)
  2 peacekeepers
  2 hydras
  3 jorogumos
  An ogre mage (D:15)
  A catoblepas (Shoals:2)
  An alligator snapping turtle (Shoals:2)
  27 centaur warriors
  9 ironbound frosthearts
  3 radroaches
  5 two-headed ogres
  2 merfolk aquamancers
  2 tengu warriors (D:15)
  A merfolk avatar (Shoals:3)
  9 boulder beetles
  3 orc high priests (Orc:2)
  6 death yaks
  A sixfirhy (D:13)
  A skeletal warrior (D:13)
  3 pharaoh ants
  8 skysharks
  2 sea snakes
  2 sun moths
  23 deep trolls
  A glowing orange brain (Vaults:4)
  11 orb spiders
  Pikel (D:5)
  3 necromancers
  3 wizards
  4 orc knights (Orc:2)
  15 ironbound convokers
  A deep elf zephyrmancer (D:13)
  22 harpies
  A bog body (Lair:4)
  9 steelbarb worms
  2 phantasmal warriors
  An oklob plant (Lair:5)
  A wolf spider (shapeshifter) (Vaults:1)
  26 ugly things
  26 wolf spiders
  A fire giant zombie (Vaults:3)
  A mana viper (shapeshifter) (Vaults:4)
  A stone giant zombie (Vaults:3)
  A moth of wrath (Spider:3)
  7 orc sorcerers
  4 merfolk sirens
  A frost giant skeleton (Vaults:3)
  7 manticores
  Maurice (D:13)
  5 elephants
  5 cyclopes
  15 vault sentinels
  9 black mambas
  Joseph (D:7)
  A guardian serpent (Lair:5)
  4 water nymphs
  A molten gargoyle (D:13)
  3 ice statues
  15 cane toads
  5 torpor snails
  8 demonic crawlers
  2 efreet
  20 yaktaurs
  A rime drake (shapeshifter) (D:14)
  2 rime drakes (Lair:4)
  A freezing wraith (D:15)
  A kobold demonologist (D:13)
  4 komodo dragons
  2 ice devils (Lair:4)
  6 polar bears
  A tengu conjurer (D:15)
  4 wind drakes (Shoals:2)
  9 meliai
  21 merfolk
  8 trolls
  2 hornets (Lair:5)
  4 raiju
  49 tarantellas
  5 snapping turtles
  2 dream sheep (Shoals:1)
  16 blink frogs
  A human simulacrum (Vaults:1)
  29 slime creatures
  Sigmund (D:4)
  28 culicivoras
  3 centaur simulacra
  37 jumping spiders
  A spriggan (D:7)
  11 water elementals
  An ettin skeleton (Vaults:1)
  2 shadows
  A dire elephant simulacrum (Lair:4)
  An elf simulacrum (Vaults:1)
  3 wraiths
  10 wyverns
  37 yaks
  Grum (D:8)
  A fire elemental (Spider:2)
  An unseen horror simulacrum (D:10)
  15 basilisks
  2 humans (shapeshifter) (D:13)
  2 vampire mosquitoes (D:14)
  A steam dragon (D:8)
  68 redbacks
  3 wargs
  A harpy simulacrum (Lair:4)
  3 acid dragons
  32 water moccasins
  6 hell hounds (Spider:2)
  29 orc warriors
  2 ice beasts
  2 sky beasts
  A black bear (Lair:1)
  19 centaurs
  30 wolves
  5 ogres
  2 lemures (D:5)
  5 kobold brigands
  A phantom (D:6)
  Blork the orc (D:4)
  A human skeleton (Vaults:3)
  4 scorpions
  10 bullfrogs
  A cane toad simulacrum (Lair:4)
  7 wights
  An elephant simulacrum (Lair:4)
  19 killer bees
  A howler monkey (D:11)
  2 electric eels
  3 lava snakes (D:13)
  6 hounds
  2 gnoll boudas
  17 orc priests
  3 jellies (Lair:5)
  Ijyb (D:5)
  Terence (D:3)
  4 iguanas
  17 orc wizards
  A polar bear simulacrum (Lair:4)
  3 gnolls (D:9)
  7 adders
  A shadow imp (D:6)
  9 white imps
  3 ufetubi (D:10)
  7 dart slugs
  63 orcs
  10 ball pythons
  8 endoplasms
  3 giant cockroaches
  5 goblins
  10 hobgoblins
  13 jackals
  3 quokkas
  2 ball python skeletons (Ossuary)
  6 bats
  11 frilled lizards
  4 hobgoblin zombies (Ossuary)
  24 kobolds
  A kobold zombie (Ossuary)
  An orc zombie (Ossuary)
  A rat (D:3)
  A spectral weapon (D:13)
  5 tentacles
1337 creatures vanquished.

Vanquished Creatures (others)
  A fire giant (Vaults:2)
  A sea snake (Shoals:1)
  A steelbarb worm (Spider:4)
  A moth of wrath (Spider:4)
  A tarantella (Spider:4)
  A culicivora (Spider:3)
  An orc wizard (D:9)
  An orc (Orc:2)
  A kobold (D:9)
  6 tentacles
15 creatures vanquished.

Grand Total: 1352 creatures vanquished

Notes
Turn   | Place    | Note
-------+----------+-------------------------------------------
     0 | D:1      | qw the Gargoyle Fighter began the quest for the Orb.
     0 | D:1      | Reached XP level 1. HP: 14/14 MP: 1/1
     0 | D:1      | 0 ||| qw: Version: 0.2-a-99-gce666ed
     0 | D:1      | 0 ||| qw: Game counter: 171
     0 | D:1      | 0 ||| qw: Always use a shield: true
     0 | D:1      | 0 ||| qw: God list: Okawaru
     0 | D:1      | 0 ||| qw: Allow faded altars: false
     0 | D:1      | 0 ||| qw: Do Orc after D:15 true
     0 | D:1      | 0 ||| qw: Do second Lair branch before Depths: true
     0 | D:1      | 0 ||| qw: Lair rune preference: random
     0 | D:1      | 0 ||| qw: Plans: Normal, Zot:1-4, God:TSO, Crypt, Tomb,
                  | Pan, Slime:5, Hells, Abyss, Win
     0 | D:1      | 0 ||| PLANNING D:1-11
    77 | D:1      | 77 ||| Stepping ~*~*~tactically~*~*~ (hiding).
    89 | D:1      | Reached XP level 2. HP: 17/19 MP: 2/2
   345 | D:1      | Reached skill level 3 in Axes
   360 | D:1      | Reached XP level 3. HP: 21/23 MP: 3/3
   746 | D:1      | 746 ||| UPGRADING to +0 chain mail.
   756 | D:1      | 756 ||| DROPPING +0 scale mail.
   757 | D:1      | 757 ||| UPGRADING to +0 cloak.
   762 | D:1      | 762 ||| UPGRADING to ring of willpower.
   763 | D:1      | 763 ||| READING scroll labelled GORUUL IFEMUJ.
   764 | D:1      | 764 ||| READING scroll labelled FAROYFIC FEIN.
   765 | D:1      | 765 ||| READING scroll labelled YTOLUI PIOSTI.
   766 | D:1      | 766 ||| READING scroll labelled USESIH NAENEUFACE.
   767 | D:1      | 767 ||| DRINKING 2 coppery potions.
   865 | D:2      | 865 ||| DROPPING +0 club.
  1046 | D:2      | Found a runed translucent door.
  1047 | D:2      | Noticed Crazy Yiuf
  1208 | D:2      | Reached XP level 4. HP: 28/28 MP: 4/4
  1421 | D:2      | 1421 ||| UPGRADING to +1 pair of gloves.
  1426 | D:2      | 1426 ||| READING 2 scrolls labelled XIUFID ERCHYLL.
  1427 | D:2      | 1427 ||| READING 2 scrolls labelled FAOHES JIGEER.
  1428 | D:2      | 1428 ||| READING scroll labelled HULAMINEMN.
  1429 | D:2      | 1429 ||| DRINKING 2 yellow potions.
  1429 | D:2      | Gained mutation: You are clumsy. (Dex -2) [potion of
                  | mutation]
  1429 | D:2      | Gained mutation: You are very clumsy. (Dex -4) [potion of
                  | mutation]
  1429 | D:2      | Gained mutation: You are partially covered in iridescent
                  | scales. (AC +2) [potion of mutation]
  1430 | D:2      | 1430 ||| DROPPING scroll of fear.
  1431 | D:2      | 1431 ||| DROPPING scroll of blinking.
  1491 | D:3      | 1491 ||| Stepping ~*~*~tactically~*~*~ (stealth).
  1522 | D:3      | Found a runed translucent gate.
  1523 | D:3      | Found a runed translucent gate.
  1524 | D:3      | Found a runed translucent gate.
  1527 | D:3      | Noticed qw's ghost (amateur GrFi)
  1569 | D:3      | 1569 ||| Stepping ~*~*~tactically~*~*~ (stealth).
  1590 | D:3      | 1590 ||| Stepping ~*~*~tactically~*~*~ (stealth).
  1600 | D:3      | Noticed Terence
  1615 | D:3      | Killed Terence
  1765 | D:3      | 1765 ||| Stepping ~*~*~tactically~*~*~ (hiding).
  1854 | D:3      | Reached XP level 5. HP: 32/32 MP: 5/5
  1875 | D:3      | Found a burning altar of Makhleb.
  2076 | D:3      | Found a faded altar of an unknown god.
  2392 | D:3      | 2392 ||| READING scroll labelled JUHOSAI RYZU.
  2393 | D:3      | 2393 ||| READING scroll labelled DUSCHE NEIKK.
  2394 | D:3      | 2394 ||| READING scroll labelled UFEITHR PEIXTA.
  2416 | D:3      | 2416 ||| DRINKING 2 sedimented black potions.
  2488 | D:4      | 2488 ||| PLANNING OSSUARY
  2513 | D:4      | 2513 ||| Stepping ~*~*~tactically~*~*~ (stealth).
  2525 | D:4      | Noticed Blork the orc
  2537 | D:4      | Killed Blork the orc
  2538 | D:4      | Reached XP level 6. HP: 17/38 MP: 6/6
  2553 | D:4      | 2553 ||| Stepping ~*~*~tactically~*~*~ (stealth).
  2554 | D:4      | 2554 ||| Stepping ~*~*~tactically~*~*~ (stealth).
  2566 | D:4      | HP: 7/38 [iguana (7)]
  2567 | D:4      | 2567 ||| DRINKING potion of heal wounds.
  2575 | D:4      | 2575 ||| Stepping ~*~*~tactically~*~*~ (stealth).
  2637 | D:4      | Noticed a sky beast
  2649 | D:4      | Killed a sky beast
  2758 | D:4      | 2758 ||| Stepping ~*~*~tactically~*~*~ (stealth).
  2778 | D:4      | Reached skill level 6 in Axes
  2787 | D:4      | Noticed Sigmund
  2799 | D:4      | Killed Sigmund
  2800 | D:4      | Reached XP level 7. HP: 23/43 MP: 7/7
  2985 | D:4      | 2985 ||| READING scroll of enchant armour.
  2985 | D:4      | 2985 ||| ENCHANTING +1 pair of gloves.
  2991 | D:4      | Found a sand-covered staircase.
  2992 | D:4      | 2992 ||| UPGRADING to +0 plate armour.
  3002 | D:4      | 3002 ||| DROPPING +0 chain mail.
  3003 | D:4      | 3003 ||| READING scroll labelled GELLAR UMEQ.
  3038 | D:4      | 3038 ||| READING scroll labelled IXKOIZ LUOMARI.
  3039 | D:4      | 3039 ||| DRINKING 3 fuming brown potions.
  3040 | D:4      | 3040 ||| READING 5 scrolls of identify.
  3040 | D:4      | 3040 ||| IDENTIFYING emerald potion
  3041 | D:4      | 3041 ||| READING 4 scrolls of identify.
  3041 | D:4      | 3041 ||| IDENTIFYING purple potion
  3042 | D:4      | 3042 ||| READING 3 scrolls of identify.
  3042 | D:4      | 3042 ||| IDENTIFYING fizzy purple potion
  3043 | D:4      | 3043 ||| DRINKING potion of experience.
  3043 | D:4      | Reached skill level 13 in Armour
  3043 | D:4      | Reached XP level 8. HP: 48/48 MP: 8/8
  3044 | D:4      | 3044 ||| READING 2 scrolls of identify.
  3044 | D:4      | 3044 ||| IDENTIFYING glowing sapphire potion
  3045 | D:4      | 3045 ||| DROPPING potion of ambrosia.
  3082 | Ossuary  | Entered an ossuary
  3181 | Ossuary  | Noticed a wraith
  3181 | Ossuary  | Noticed a flying skull
  3205 | Ossuary  | 3205 ||| READING scroll of enchant weapon.
  3205 | Ossuary  | 3205 ||| ENCHANTING +1 war axe.
  3301 | Ossuary  | Noticed a flying skull
  3303 | Ossuary  | Noticed a flying skull
  3354 | Ossuary  | Noticed a flying skull
  3360 | Ossuary  | Noticed a wraith
  3381 | Ossuary  | Killed a wraith
  3422 | Ossuary  | Noticed a wraith
  3434 | Ossuary  | Killed a wraith
  3435 | Ossuary  | Reached XP level 9. HP: 51/54 MP: 9/9
  3443 | Ossuary  | 3443 ||| READING scroll labelled EDEATO SALERIS.
  3444 | Ossuary  | 3444 ||| READING 2 scrolls labelled QELAOX HOHO.
  3445 | Ossuary  | 3445 ||| DRINKING 2 sapphire potions.
  3446 | Ossuary  | 3446 ||| DRINKING 2 golden potions.
  3447 | Ossuary  | 3447 ||| READING 2 scrolls of identify.
  3447 | Ossuary  | 3447 ||| IDENTIFYING fizzy red potion
  3448 | Ossuary  | 3448 ||| DROPPING scroll of immolation.
  3449 | Ossuary  | 3449 ||| DROPPING potion of flight.
  3499 | D:4      | 3499 ||| PLANNING D:1-11
  3592 | D:4      | Found a glowing silver altar of Zin.
  3604 | D:4      | Found an ornate altar of the Wu Jian Council.
  3747 | D:4      | 3747 ||| READING 2 scrolls of identify.
  3747 | D:4      | 3747 ||| IDENTIFYING puce potion
  3748 | D:4      | 3748 ||| DROPPING potion of brilliance.
  3773 | D:5      | Entered Level 5 of the Dungeon
  3851 | D:5      | 3851 ||| Stepping ~*~*~tactically~*~*~ (stealth).
  3853 | D:5      | 3853 ||| Stepping ~*~*~tactically~*~*~ (hiding).
  3873 | D:5      | Noticed Pikel
  3874 | D:5      | 3874 ||| Stepping ~*~*~tactically~*~*~ (stealth).
  3875 | D:5      | 3875 ||| Stepping ~*~*~tactically~*~*~ (stealth).
  3879 | D:5      | Noticed Ijyb
  3906 | D:5      | Killed Pikel
  3911 | D:5      | HP: 13/54 [iguana (9)]
  3912 | D:5      | 3912 ||| READING scroll of teleportation.
  4195 | D:5      | 4195 ||| Stepping ~*~*~tactically~*~*~ (hiding).
  4210 | D:5      | Killed Ijyb
  4372 | D:5      | 4372 ||| Stepping ~*~*~tactically~*~*~ (hiding).
  4374 | D:5      | 4374 ||| Stepping ~*~*~tactically~*~*~ (hiding).
  4375 | D:5      | 4375 ||| Stepping ~*~*~tactically~*~*~ (hiding).
  4376 | D:5      | 4376 ||| Stepping ~*~*~tactically~*~*~ (hiding).
  4751 | D:5      | 4751 ||| READING 2 scrolls labelled CUGEZO PEOKK.
  4751 | D:5      | Identified 2 scrolls of acquirement
  4751 | D:5      | 4751 ||| ACQUIRING +2 kite shield of reflection
  4751 | D:5      | Acquired a +2 kite shield of reflection
  4753 | D:5      | 4753 ||| UPGRADING to +2 kite shield of reflection.
  4763 | D:5      | 4763 ||| DROPPING +0 buckler.
  4764 | D:5      | 4764 ||| READING scroll of acquirement.
  4764 | D:5      | 4764 ||| ACQUIRING +2 broad axe of electrocution
  4764 | D:5      | Acquired a +2 broad axe of electrocution
  4766 | D:5      | 4766 ||| SWAPPING to +2 broad axe of electrocution.
  4767 | D:5      | 4767 ||| DROPPING +2 war axe.
  4768 | D:5      | 4768 ||| READING 3 scrolls of identify.
  4768 | D:5      | 4768 ||| IDENTIFYING metallic coppery potion
  4769 | D:5      | 4769 ||| DROPPING potion of degeneration.
  4985 | D:6      | 4985 ||| READING scroll of enchant weapon.
  4985 | D:6      | 4985 ||| ENCHANTING +2 broad axe of electrocution.
  4988 | D:6      | 4988 ||| READING scroll of enchant armour.
  4988 | D:6      | 4988 ||| ENCHANTING +0 cloak.
  4997 | D:6      | Found an iron altar of Okawaru.
  4998 | D:6      | 4998 ||| PLANNING OKAWARU WORSHIP
  5003 | D:6      | Became a worshipper of Warmaster Okawaru
  5003 | D:6      | 5003 ||| PLANNING D:1-11
  5080 | D:6      | 5080 ||| Stepping ~*~*~tactically~*~*~ (hiding).
  5081 | D:6      | 5081 ||| Stepping ~*~*~tactically~*~*~ (hiding).
  5082 | D:6      | 5082 ||| Stepping ~*~*~tactically~*~*~ (hiding).
  5083 | D:6      | 5083 ||| Stepping ~*~*~tactically~*~*~ (hiding).
  5084 | D:6      | 5084 ||| Stepping ~*~*~tactically~*~*~ (hiding).
  5092 | D:6      | Reached skill level 1 in Throwing
  5317 | D:6      | 5317 ||| Stepping ~*~*~tactically~*~*~ (hiding).
  5321 | D:6      | 5321 ||| Stepping ~*~*~tactically~*~*~ (hiding).
  5322 | D:6      | 5322 ||| Stepping ~*~*~tactically~*~*~ (hiding).
  5362 | D:6      | 5362 ||| DROPPING +0 flail.
  5387 | D:6      | 5387 ||| READING scroll of enchant armour.
  5387 | D:6      | 5387 ||| ENCHANTING +1 cloak.
  5733 | D:7      | Found a staircase to the Ecumenical Temple.
  5737 | D:7      | Noticed Joseph
  5750 | D:7      | Killed Joseph
  5751 | D:7      | Reached XP level 10. HP: 30/59 MP: 10/10
  5964 | D:7      | 5964 ||| DROPPING +5 flail.
  6012 | D:7      | Reached skill level 6 in Shields
  6019 | D:7      | 6019 ||| Stepping ~*~*~tactically~*~*~ (stealth).
  6162 | D:7      | Found a glowing golden altar of the Shining One.
  6167 | D:7      | Found a sparkling altar of Nemelex Xobeh.
  6308 | D:7      | Reached * piety under Okawaru
  6670 | D:7      | 6670 ||| UPGRADING to +1 hat.
  6675 | D:7      | 6675 ||| DROPPING +6 ring of intelligence.
  6699 | D:8      | Reached skill level 1 in Invocations
  6712 | D:8      | 6712 ||| Stepping ~*~*~tactically~*~*~ (hiding).
  6884 | D:8      | Noticed a manticore
  6885 | D:8      | 6885 ||| INVOKING Heroism.
  6889 | D:8      | Killed a manticore
  6907 | D:8      | 6907 ||| INVOKING Heroism.
  7058 | D:8      | Noticed Grum
  7059 | D:8      | 7059 ||| INVOKING Heroism.
  7072 | D:8      | Killed Grum
  7076 | D:8      | Reached skill level 6 in Fighting
  7129 | D:8      | 7129 ||| Stepping ~*~*~tactically~*~*~ (hiding).
  7312 | D:8      | 7312 ||| Stepping ~*~*~tactically~*~*~ (hiding).
  7435 | D:8      | 7435 ||| Stepping ~*~*~tactically~*~*~ (hiding).
  7438 | D:8      | 7438 ||| Stepping ~*~*~tactically~*~*~ (hiding).
  7440 | D:8      | 7440 ||| INVOKING Heroism.
  7450 | D:8      | 7450 ||| INVOKING Heroism.
  7494 | D:8      | 7494 ||| Stepping ~*~*~tactically~*~*~ (hiding).
  7499 | D:8      | 7499 ||| INVOKING Heroism.
  7502 | D:8      | Reached skill level 3 in Invocations
  7519 | D:8      | 7519 ||| INVOKING Heroism.
  7800 | D:8      | 7800 ||| UPGRADING to +2 plate armour of cold resistance.
  7810 | D:8      | 7810 ||| DROPPING +0 plate armour.
  7811 | D:8      | 7811 ||| READING 3 scrolls of identify.
  7811 | D:8      | 7811 ||| IDENTIFYING fuming green potion
  7845 | D:9      | 7845 ||| Stepping ~*~*~tactically~*~*~ (hiding).
  8138 | D:9      | Reached XP level 11. HP: 64/64 MP: 13/13
  8146 | D:9      | Found Igedduaw's Tiny Tomes.
  8196 | D:9      | 8196 ||| Stepping ~*~*~tactically~*~*~ (hiding).
  8200 | D:9      | 8200 ||| INVOKING Heroism.
  8318 | D:9      | 8318 ||| INVOKING Heroism.
  8559 | D:9      | 8559 ||| READING scroll labelled AMEOZI XULI.
  8582 | D:10     | Entered Level 10 of the Dungeon
  8605 | D:10     | Found a shimmering blue altar of Sif Muna.
  8614 | D:10     | Identified the +3 hand axe of Dissent {spect, Fragile rC+
                  | Will+ Stlth+}
  8631 | D:10     | 8631 ||| INVOKING Heroism.
  8632 | D:10     | 8632 ||| Stepping ~*~*~tactically~*~*~ (stealth).
  8634 | D:10     | 8634 ||| Stepping ~*~*~tactically~*~*~ (stealth).
  8648 | D:10     | Found a staircase to the Orcish Mines.
  8652 | D:10     | 8652 ||| INVOKING Heroism.
  8690 | D:10     | Reached skill level 9 in Axes
  8749 | D:10     | 8749 ||| READING scroll of enchant armour.
  8749 | D:10     | 8749 ||| ENCHANTING +1 hat.
  8805 | D:10     | Noticed a white ugly thing
  8806 | D:10     | 8806 ||| Stepping ~*~*~tactically~*~*~ (stealth).
  8823 | D:10     | 8823 ||| INVOKING Heroism.
  8826 | D:10     | Killed a white ugly thing
  8866 | D:10     | Noticed a centaur warrior
  8867 | D:10     | 8867 ||| Stepping ~*~*~tactically~*~*~ (stealth).
  8869 | D:10     | 8869 ||| INVOKING Heroism.
  8871 | D:10     | Killed a centaur warrior
  8871 | D:10     | Reached ** piety under Okawaru
  8993 | D:10     | 8993 ||| Stepping ~*~*~tactically~*~*~ (hiding).
  8994 | D:10     | 8994 ||| INVOKING Heroism.
  9030 | D:10     | 9030 ||| INVOKING Heroism.
  9040 | D:10     | Reached skill level 9 in Shields
  9175 | D:10     | 9175 ||| Stepping ~*~*~tactically~*~*~ (stealth).
  9197 | D:10     | Reached *** piety under Okawaru
  9218 | D:10     | 9218 ||| Stepping ~*~*~tactically~*~*~ (stealth).
  9219 | D:10     | 9219 ||| Stepping ~*~*~tactically~*~*~ (stealth).
  9222 | D:10     | 9222 ||| INVOKING Heroism.
  9234 | D:10     | 9234 ||| INVOKING Heroism.
  9340 | D:10     | 9340 ||| SWAPPING to +2 vampiric war axe.
  9431 | D:10     | 9431 ||| Stepping ~*~*~tactically~*~*~ (stealth).
  9434 | D:10     | 9434 ||| Stepping ~*~*~tactically~*~*~ (stealth).
  9435 | D:10     | 9435 ||| INVOKING Heroism.
  9446 | D:10     | 9446 ||| Stepping ~*~*~tactically~*~*~ (hiding).
  9649 | D:10     | 9649 ||| UPGRADING to +2 pair of boots of stealth.
  9694 | D:11     | 9694 ||| INVOKING Heroism.
  9695 | D:11     | 9695 ||| Stepping ~*~*~tactically~*~*~ (stealth).
  9722 | D:11     | 9722 ||| INVOKING Heroism.
  9764 | D:11     | 9764 ||| INVOKING Heroism.
  9882 | D:11     | 9882 ||| READING scroll of enchant weapon.
  9882 | D:11     | 9882 ||| ENCHANTING +2 vampiric war axe.
 10190 | D:11     | Reached skill level 1 in Dodging
 10190 | D:11     | Reached XP level 12. HP: 64/73 MP: 15/15
 10261 | D:11     | Found a staircase to the Lair.
 10409 | D:11     | 10409 ||| INVOKING Heroism.
 10593 | D:11     | 10593 ||| PLANNING LAIR
 10593 | D:11     | 10593 ||| DROPPING +0 plate armour of cold resistance.
 10594 | D:11     | 10594 ||| UPGRADING to +0 crystal plate armour.
 10604 | D:11     | 10604 ||| UPGRADING to ring of see invisible.
 10699 | Lair:1   | Entered Level 1 of the Lair of Beasts
 10720 | Lair:1   | 10720 ||| INVOKING Heroism.
 10738 | Lair:1   | 10738 ||| INVOKING Heroism.
 10741 | Lair:1   | 10741 ||| Stepping ~*~*~tactically~*~*~ (stealth).
 10771 | Lair:1   | Reached **** piety under Okawaru
 10775 | Lair:1   | 10775 ||| INVOKING Heroism.
 10835 | Lair:1   | 10835 ||| INVOKING Heroism.
 10860 | Lair:1   | 10860 ||| INVOKING Heroism.
 10878 | Lair:1   | 10878 ||| INVOKING Heroism.
 10922 | Lair:1   | 10922 ||| INVOKING Heroism.
 10925 | Lair:1   | 10925 ||| Stepping ~*~*~tactically~*~*~ (water).
 11032 | Lair:1   | 11032 ||| Stepping ~*~*~tactically~*~*~ (stealth).
 11034 | Lair:1   | 11034 ||| Stepping ~*~*~tactically~*~*~ (hiding).
 11084 | Lair:1   | Reached skill level 9 in Fighting
 11208 | Lair:1   | 11208 ||| Stepping ~*~*~tactically~*~*~ (stealth).
 11575 | Lair:1   | 11575 ||| INVOKING Heroism.
 11576 | Lair:1   | Received a gift from Okawaru
 11581 | Lair:1   | Reached skill level 6 in Invocations
 11596 | Lair:1   | 11596 ||| INVOKING Heroism.
 11612 | Lair:1   | Reached XP level 13. HP: 80/80 MP: 15/18
 11670 | Lair:1   | 11670 ||| DROPPING +2 pair of gloves.
 11746 | Lair:2   | 11746 ||| Stepping ~*~*~tactically~*~*~ (stealth).
 11864 | Lair:2   | Received a gift from Okawaru
 11902 | Lair:2   | Found a staircase to the Shoals.
 12014 | Lair:2   | Found a runed translucent gate.
 12015 | Lair:2   | Found a runed translucent gate.
 12016 | Lair:2   | Found a runed translucent gate.
 12018 | Lair:2   | Noticed qw's ghost (journeyman GrFi)
 12037 | Lair:2   | 12037 ||| READING scroll of enchant weapon.
 12037 | Lair:2   | 12037 ||| ENCHANTING +3 vampiric war axe.
 12040 | Lair:2   | 12040 ||| Stepping ~*~*~tactically~*~*~ (hiding).
 12140 | Lair:2   | 12140 ||| INVOKING Heroism.
 12161 | Lair:2   | Received a gift from Okawaru
 12163 | Lair:2   | 12163 ||| INVOKING Heroism.
 12373 | Lair:2   | Found a runed translucent door.
 13190 | Lair:3   | Found a hole to the Spider Nest.
 13217 | Lair:3   | 13217 ||| Stepping ~*~*~tactically~*~*~ (hiding).
 13756 | Lair:4   | Reached skill level 12 in Axes
 13896 | Lair:4   | Noticed Snorg
 13897 | Lair:4   | 13897 ||| INVOKING Heroism.
 13908 | Lair:4   | Killed Snorg
 13957 | Lair:4   | 13957 ||| Stepping ~*~*~tactically~*~*~ (stealth).
 14031 | Lair:4   | 14031 ||| INVOKING Heroism.
 14056 | Lair:4   | Received a gift from Okawaru
 14057 | Lair:4   | Reached skill level 9 in Invocations
 14058 | Lair:4   | 14058 ||| INVOKING Heroism.
 14058 | Lair:4   | HP: 18/80 [harpy simulacrum (15)]
 14059 | Lair:4   | 14059 ||| READING scroll of teleportation.
 14060 | Lair:4   | 14060 ||| DRINKING 4 potions of heal wounds.
 14297 | Lair:4   | 14297 ||| INVOKING Heroism.
 14309 | Lair:4   | Received a gift from Okawaru
 14379 | Lair:4   | 14379 ||| INVOKING Heroism.
 14385 | Lair:4   | 14385 ||| Stepping ~*~*~tactically~*~*~ (cloud).
 14388 | Lair:4   | 14388 ||| Stepping ~*~*~tactically~*~*~ (cloud).
 14405 | Lair:4   | 14405 ||| INVOKING Heroism.
 14408 | Lair:4   | 14408 ||| Stepping ~*~*~tactically~*~*~ (cloud).
 14525 | Lair:4   | Identified the ring of Xom's Full Attention {rC+ Int+9
                  | Slay-5}
 14765 | Lair:4   | 14765 ||| UPGRADING to amulet of reflection.
 14770 | Lair:4   | 14770 ||| DROPPING ring of flight.
 14793 | Lair:5   | Entered Level 5 of the Lair of Beasts
 14801 | Lair:5   | 14801 ||| INVOKING Heroism.
 14814 | Lair:5   | Reached skill level 3 in Throwing
 14839 | Lair:5   | 14839 ||| Stepping ~*~*~tactically~*~*~ (hiding).
 14851 | Lair:5   | 14851 ||| Stepping ~*~*~tactically~*~*~ (stealth).
 14871 | Lair:5   | 14871 ||| INVOKING Heroism.
 14878 | Lair:5   | Received a gift from Okawaru
 14985 | Lair:5   | 14985 ||| INVOKING Heroism.
 15112 | Lair:5   | 15112 ||| Stepping ~*~*~tactically~*~*~ (stealth).
 15114 | Lair:5   | 15114 ||| Stepping ~*~*~tactically~*~*~ (stealth).
 15121 | Lair:5   | Found a staircase to the Slime Pits.
 15122 | Lair:5   | Found a viscous altar of Jiyva.
 15219 | Lair:5   | 15219 ||| INVOKING Heroism.
 15221 | Lair:5   | 15221 ||| SWAPPING to +0 morningstar.
 15229 | Lair:5   | 15229 ||| SWAPPING to +4 vampiric war axe.
 15333 | Lair:5   | 15333 ||| INVOKING Heroism.
 15423 | Lair:5   | Gained mutation: Your large and strong wings let you fly.
                  | [Gargoyle growth]
 15423 | Lair:5   | Reached XP level 14. HP: 88/88 MP: 21/21
 15435 | Lair:5   | 15435 ||| Stepping ~*~*~tactically~*~*~ (stealth).
 15437 | Lair:5   | 15437 ||| INVOKING Heroism.
 15471 | Lair:5   | 15471 ||| INVOKING Heroism.
 15521 | Lair:5   | 15521 ||| Stepping ~*~*~tactically~*~*~ (stealth).
 15642 | Lair:5   | 15642 ||| Stepping ~*~*~tactically~*~*~ (stealth).
 15646 | Lair:5   | 15646 ||| Stepping ~*~*~tactically~*~*~ (stealth).
 15667 | Lair:5   | Reached ***** piety under Okawaru
 15698 | Lair:5   | 15698 ||| Stepping ~*~*~tactically~*~*~ (stealth).
 15701 | Lair:5   | 15701 ||| Stepping ~*~*~tactically~*~*~ (stealth).
 15702 | Lair:5   | 15702 ||| Stepping ~*~*~tactically~*~*~ (stealth).
 15703 | Lair:5   | 15703 ||| Stepping ~*~*~tactically~*~*~ (stealth).
 15705 | Lair:5   | 15705 ||| Stepping ~*~*~tactically~*~*~ (stealth).
 15721 | Lair:5   | Received a gift from Okawaru
 15731 | Lair:5   | 15731 ||| Stepping ~*~*~tactically~*~*~ (stealth).
 15804 | Lair:5   | 15804 ||| INVOKING Heroism.
 15808 | Lair:5   | Received a gift from Okawaru
 15938 | Lair:5   | 15938 ||| Stepping ~*~*~tactically~*~*~ (hiding).
 15958 | Lair:5   | 15958 ||| READING scroll of enchant armour.
 15958 | Lair:5   | 15958 ||| ENCHANTING +0 crystal plate armour.
 16060 | Lair:5   | Identified the +8 short sword of Geshri {freeze, Will-
                  | Str+8}
 16399 | Lair:5   | 16399 ||| PLANNING D
 16587 | D:12     | 16587 ||| Stepping ~*~*~tactically~*~*~ (hiding).
 16588 | D:12     | 16588 ||| Stepping ~*~*~tactically~*~*~ (stealth).
 16795 | D:12     | Noticed Rupert
 16796 | D:12     | 16796 ||| INVOKING Heroism.
 16797 | D:12     | 16797 ||| INVOKING Finesse.
 16808 | D:12     | Killed Rupert
 16808 | D:12     | Received a gift from Okawaru
 16941 | D:12     | 16941 ||| INVOKING Heroism.
 17040 | D:12     | 17040 ||| FLEEEEING.
 17041 | D:12     | 17041 ||| FLEEEEING.
 17042 | D:12     | 17042 ||| FLEEEEING.
 17043 | D:12     | 17043 ||| FLEEEEING.
 17044 | D:12     | 17044 ||| FLEEEEING.
 17046 | D:12     | 17046 ||| FLEEEEING.
 17047 | D:12     | 17047 ||| FLEEEEING.
 17048 | D:12     | 17048 ||| FLEEEEING.
 17049 | D:12     | 17049 ||| FLEEEEING.
 17054 | D:12     | 17054 ||| FLEEEEING.
 17625 | D:13     | 17625 ||| INVOKING Heroism.
 17778 | D:13     | 17778 ||| INVOKING Heroism.
 17856 | D:13     | 17856 ||| Stepping ~*~*~tactically~*~*~ (hiding).
 17892 | D:13     | 17892 ||| INVOKING Heroism.
 17894 | D:13     | Received a gift from Okawaru
 17904 | D:13     | 17904 ||| Stepping ~*~*~tactically~*~*~ (hiding).
 17905 | D:13     | 17905 ||| Stepping ~*~*~tactically~*~*~ (hiding).
 17913 | D:13     | 17913 ||| Stepping ~*~*~tactically~*~*~ (hiding).
 17914 | D:13     | 17914 ||| Stepping ~*~*~tactically~*~*~ (hiding).
 17916 | D:13     | 17916 ||| Stepping ~*~*~tactically~*~*~ (stealth).
 17917 | D:13     | 17917 ||| Stepping ~*~*~tactically~*~*~ (stealth).
 17946 | D:13     | 17946 ||| INVOKING Heroism.
 18103 | D:13     | Noticed Maurice
 18123 | D:13     | 18123 ||| INVOKING Heroism.
 18127 | D:13     | Killed Maurice
 18141 | D:13     | Received a gift from Okawaru
 18158 | D:13     | 18158 ||| INVOKING Heroism.
 18171 | D:13     | Reached skill level 12 in Shields
 18194 | D:13     | Reached XP level 15. HP: 94/94 MP: 22/22
 18209 | D:13     | 18209 ||| INVOKING Heroism.
 18212 | D:13     | 18212 ||| Stepping ~*~*~tactically~*~*~ (stealth).
 18249 | D:13     | 18249 ||| INVOKING Heroism.
 18367 | D:13     | 18367 ||| Stepping ~*~*~tactically~*~*~ (hiding).
 18377 | D:13     | 18377 ||| INVOKING Heroism.
 18385 | D:13     | HP: 21/94 [molten gargoyle/bolt of magma (14)]
 18386 | D:13     | 18386 ||| DRINKING 4 potions of heal wounds.
 18525 | D:13     | Identified the +6 ring mail "Timuer" {rElec}
 18542 | D:13     | Found a gate to the Vaults.
 18726 | D:13     | Found a broken altar of Ashenzari.
 18831 | D:13     | Found a runed translucent gate.
 18832 | D:13     | Found a runed translucent gate.
 18832 | D:13     | Found a runed translucent gate.
 19029 | D:13     | 19029 ||| DROPPING amulet of the acrobat.
 19110 | D:14     | 19110 ||| Stepping ~*~*~tactically~*~*~ (hiding).
 19113 | D:14     | 19113 ||| Stepping ~*~*~tactically~*~*~ (hiding).
 19186 | D:14     | 19186 ||| INVOKING Heroism.
 19191 | D:14     | 19191 ||| SWAPPING to +0 morningstar.
 19196 | D:14     | 19196 ||| SWAPPING to +4 vampiric war axe.
 19286 | D:14     | 19286 ||| Stepping ~*~*~tactically~*~*~ (stealth).
 19395 | D:14     | 19395 ||| INVOKING Heroism.
 19440 | D:14     | 19440 ||| Stepping ~*~*~tactically~*~*~ (stealth).
 19441 | D:14     | 19441 ||| Stepping ~*~*~tactically~*~*~ (stealth).
 19465 | D:14     | 19465 ||| INVOKING Heroism.
 19479 | D:14     | Reached skill level 6 in Throwing
 19583 | D:14     | 19583 ||| Stepping ~*~*~tactically~*~*~ (hiding).
 19584 | D:14     | 19584 ||| Stepping ~*~*~tactically~*~*~ (hiding).
 19684 | D:15     | Entered Level 15 of the Dungeon
 19689 | D:15     | 19689 ||| Stepping ~*~*~tactically~*~*~ (hiding).
 19690 | D:15     | 19690 ||| Stepping ~*~*~tactically~*~*~ (hiding).
 19696 | D:15     | 19696 ||| INVOKING Heroism.
 19707 | D:15     | Received a gift from Okawaru
 19715 | D:15     | Reached skill level 15 in Axes
 19726 | D:15     | Reached skill level 14 in Armour
 19734 | D:15     | Received a gift from Okawaru
 19739 | D:15     | 19739 ||| INVOKING Finesse.
 19764 | D:15     | Reached skill level 12 in Fighting
 19775 | D:15     | Received a gift from Okawaru
 19887 | D:15     | 19887 ||| Stepping ~*~*~tactically~*~*~ (hiding).
 19939 | D:15     | Found a staircase to the Depths.
 19946 | D:15     | 19946 ||| Stepping ~*~*~tactically~*~*~ (hiding).
 19949 | D:15     | 19949 ||| Stepping ~*~*~tactically~*~*~ (hiding).
 20040 | D:15     | 20040 ||| Stepping ~*~*~tactically~*~*~ (stealth).
 20044 | D:15     | 20044 ||| INVOKING Heroism.
 20178 | D:15     | Found a frozen archway.
 20179 | D:15     | 20179 ||| INVOKING Heroism.
 20180 | D:15     | 20180 ||| INVOKING Finesse.
 20199 | D:15     | 20199 ||| INVOKING Finesse.
 20400 | D:15     | 20400 ||| READING scroll of enchant armour.
 20400 | D:15     | 20400 ||| ENCHANTING +1 crystal plate armour.
 20449 | D:15     | 20449 ||| READING scroll of enchant weapon.
 20449 | D:15     | 20449 ||| ENCHANTING +4 vampiric war axe.
 20550 | D:15     | 20550 ||| PLANNING ORC
 20670 | D:10     | 20670 ||| Stepping ~*~*~tactically~*~*~ (hiding).
 20672 | D:10     | 20672 ||| Stepping ~*~*~tactically~*~*~ (hiding).
 20789 | Orc:1    | Entered Level 1 of the Orcish Mines
 20793 | Orc:1    | 20793 ||| INVOKING Heroism.
 20807 | Orc:1    | 20807 ||| Stepping ~*~*~tactically~*~*~ (hiding).
 20844 | Orc:1    | 20844 ||| DROPPING +0 morningstar.
 20863 | Orc:1    | Noticed Erolcha
 20877 | Orc:1    | Killed Erolcha
 20924 | Orc:1    | 20924 ||| Stepping ~*~*~tactically~*~*~ (stealth).
 20926 | Orc:1    | 20926 ||| Stepping ~*~*~tactically~*~*~ (hiding).
 20927 | Orc:1    | 20927 ||| Stepping ~*~*~tactically~*~*~ (hiding).
 20936 | Orc:1    | 20936 ||| Stepping ~*~*~tactically~*~*~ (hiding).
 21049 | Orc:1    | Found a transporter.
 21055 | Orc:1    | Found a transporter.
 21081 | Orc:1    | Noticed reasonance's ghost (journeyman GrBe)
 21084 | Orc:1    | 21084 ||| Stepping ~*~*~tactically~*~*~ (hiding).
 21085 | Orc:1    | 21085 ||| Stepping ~*~*~tactically~*~*~ (hiding).
 21086 | Orc:1    | 21086 ||| Stepping ~*~*~tactically~*~*~ (hiding).
 21093 | Orc:1    | 21093 ||| Stepping ~*~*~tactically~*~*~ (hiding).
 21251 | Orc:1    | Found Loleg's Distillery.
 21256 | Orc:1    | 21256 ||| BUYING potion of curing (42 gold).
 21256 | Orc:1    | Bought a potion of curing for 42 gold pieces
 21256 | Orc:1    | 21256 ||| BUYING potion of curing (42 gold).
 21256 | Orc:1    | Bought a potion of curing for 42 gold pieces
 21256 | Orc:1    | 21256 ||| BUYING potion of haste (140 gold).
 21256 | Orc:1    | Bought a potion of haste for 140 gold pieces
 21256 | Orc:1    | 21256 ||| BUYING potion of might (56 gold).
 21256 | Orc:1    | Bought a potion of might for 56 gold pieces
 21256 | Orc:1    | 21256 ||| BUYING potion of mutation (112 gold).
 21256 | Orc:1    | Bought a potion of mutation for 112 gold pieces
 21299 | Orc:1    | 21299 ||| Stepping ~*~*~tactically~*~*~ (hiding).
 21305 | Orc:1    | 21305 ||| Stepping ~*~*~tactically~*~*~ (hiding).
 21508 | Orc:2    | Entered Level 2 of the Orcish Mines
 21529 | Orc:2    | 21529 ||| Stepping ~*~*~tactically~*~*~ (stealth).
 21530 | Orc:2    | 21530 ||| INVOKING Heroism.
 21559 | Orc:2    | 21559 ||| INVOKING Heroism.
 21566 | Orc:2    | HP: 22/96 [sun demon[an orc high priest] (12)]
 21566 | Orc:2    | HP: 7/96 [sun demon[an orc high priest] (15)]
 21567 | Orc:2    | 21567 ||| DRINKING 3 potions of heal wounds.
 21726 | Orc:2    | Found Itunauh's Book Boutique.
 21965 | Orc:2    | 21965 ||| INVOKING Heroism.
 22040 | Orc:2    | 22040 ||| Stepping ~*~*~tactically~*~*~ (hiding).
 22041 | Orc:2    | 22041 ||| Stepping ~*~*~tactically~*~*~ (hiding).
 22041 | Orc:2    | Found Ucset's General Store.
 22042 | Orc:2    | 22042 ||| INVOKING Heroism.
 22069 | Orc:2    | Reached XP level 16. HP: 101/101 MP: 23/23
 22090 | Orc:2    | 22090 ||| BUYING +3 plate armour of fire resistance (585
                  | gold).
 22090 | Orc:2    | Bought a +3 plate armour of fire resistance for 585 gold
                  | pieces
 22090 | Orc:2    | 22090 ||| BUYING scroll of enchant armour (97 gold).
 22090 | Orc:2    | Bought a scroll of enchant armour for 97 gold pieces
 22090 | Orc:2    | 22090 ||| READING scroll of enchant armour.
 22090 | Orc:2    | 22090 ||| ENCHANTING +2 crystal plate armour.
 22114 | Orc:2    | 22114 ||| Stepping ~*~*~tactically~*~*~ (hiding).
 22116 | Orc:2    | 22116 ||| Stepping ~*~*~tactically~*~*~ (hiding).
 22118 | Orc:2    | 22118 ||| Stepping ~*~*~tactically~*~*~ (hiding).
 22119 | Orc:2    | 22119 ||| INVOKING Heroism.
 22154 | Orc:2    | Found a staircase to the Elven Halls.
 22286 | Orc:2    | Found Wikaemom's Antique Armour Shoppe.
 22364 | Orc:2    | 22364 ||| INVOKING Heroism.
 22370 | Orc:2    | 22370 ||| Stepping ~*~*~tactically~*~*~ (hiding).
 22371 | Orc:2    | 22371 ||| Stepping ~*~*~tactically~*~*~ (hiding).
 22373 | Orc:2    | 22373 ||| Stepping ~*~*~tactically~*~*~ (hiding).
 22374 | Orc:2    | 22374 ||| Stepping ~*~*~tactically~*~*~ (hiding).
 22381 | Orc:2    | 22381 ||| Stepping ~*~*~tactically~*~*~ (hiding).
 22382 | Orc:2    | 22382 ||| Stepping ~*~*~tactically~*~*~ (hiding).
 22384 | Orc:2    | 22384 ||| Stepping ~*~*~tactically~*~*~ (hiding).
 22385 | Orc:2    | 22385 ||| Stepping ~*~*~tactically~*~*~ (hiding).
 22402 | Orc:2    | 22402 ||| Stepping ~*~*~tactically~*~*~ (stealth).
 22426 | Orc:2    | Found Xagut's Antique Weapon Emporium.
 22663 | Orc:2    | 22663 ||| PLANNING SPIDER:1-3
 22663 | Orc:2    | 22663 ||| DROPPING +2 plate armour of cold resistance.
 22855 | Spider:1 | Entered Level 1 of the Spider Nest
 22863 | Spider:1 | 22863 ||| STAIRDANCE
 22865 | Lair:3   | 22865 ||| DRINKING 13 potions of curing.
 22865 | Lair:3   | 22865 ||| (to cure confusion)
 22942 | Spider:1 | 22942 ||| INVOKING Heroism.
 22977 | Spider:1 | Reached skill level 15 in Armour
 23060 | Spider:1 | 23060 ||| INVOKING Heroism.
 23263 | Spider:1 | 23263 ||| Stepping ~*~*~tactically~*~*~ (hiding).
 23316 | Spider:1 | 23316 ||| INVOKING Heroism.
 23556 | Spider:1 | 23556 ||| INVOKING Heroism.
 23583 | Spider:1 | 23583 ||| Stepping ~*~*~tactically~*~*~ (stealth).
 23619 | Spider:1 | 23619 ||| INVOKING Heroism.
 23673 | Spider:1 | 23673 ||| INVOKING Heroism.
 23675 | Spider:1 | HP: 20/101 [demonic crawler (12)]
 23676 | Spider:1 | 23676 ||| DRINKING 2 potions of heal wounds.
 23895 | Spider:1 | 23895 ||| Stepping ~*~*~tactically~*~*~ (hiding).
 23997 | Spider:1 | 23997 ||| Stepping ~*~*~tactically~*~*~ (stealth).
 23998 | Spider:1 | 23998 ||| Stepping ~*~*~tactically~*~*~ (stealth).
 24002 | Spider:1 | 24002 ||| DRINKING 12 potions of curing.
 24002 | Spider:1 | 24002 ||| (to cure confusion)
 24162 | Spider:1 | Received a gift from Okawaru
 24401 | Spider:2 | 24401 ||| STAIRDANCE
 24421 | Spider:2 | Noticed Azrael
 24422 | Spider:2 | 24422 ||| Stepping ~*~*~tactically~*~*~ (hiding).
 24423 | Spider:2 | 24423 ||| Stepping ~*~*~tactically~*~*~ (hiding).
 24425 | Spider:2 | 24425 ||| INVOKING Heroism.
 24463 | Spider:2 | Killed Azrael
 24629 | Spider:2 | 24629 ||| Stepping ~*~*~tactically~*~*~ (hiding).
 24630 | Spider:2 | 24630 ||| Stepping ~*~*~tactically~*~*~ (hiding).
 24712 | Spider:2 | 24712 ||| Stepping ~*~*~tactically~*~*~ (stealth).
 24713 | Spider:2 | 24713 ||| Stepping ~*~*~tactically~*~*~ (hiding).
 24714 | Spider:2 | 24714 ||| INVOKING Heroism.
 24719 | Spider:2 | Noticed Aizul
 24740 | Spider:2 | 24740 ||| INVOKING Heroism.
 24758 | Spider:2 | Killed Aizul
 24817 | Spider:2 | 24817 ||| Stepping ~*~*~tactically~*~*~ (stealth).
 24951 | Spider:2 | 24951 ||| Stepping ~*~*~tactically~*~*~ (stealth).
 24969 | Spider:2 | 24969 ||| Stepping ~*~*~tactically~*~*~ (stealth).
 25029 | Spider:2 | 25029 ||| READING scroll of enchant weapon.
 25029 | Spider:2 | 25029 ||| ENCHANTING +5 vampiric war axe.
 25048 | Spider:2 | 25048 ||| READING scroll of enchant weapon.
 25048 | Spider:2 | 25048 ||| ENCHANTING +6 vampiric war axe.
 25052 | Spider:2 | Identified the +2 spear "Pajurgh" {elec, *Slow rC+ Int+6
                  | Dex+3}
 25071 | Spider:2 | 25071 ||| INVOKING Heroism.
 25107 | Spider:2 | 25107 ||| DROPPING ring of wizardry.
 25122 | Spider:2 | 25122 ||| Stepping ~*~*~tactically~*~*~ (stealth).
 25124 | Spider:2 | 25124 ||| Stepping ~*~*~tactically~*~*~ (stealth).
 25130 | Spider:2 | Reached skill level 16 in Armour
 25130 | Spider:2 | 25130 ||| INVOKING Heroism.
 25146 | Spider:2 | Received a gift from Okawaru
 25367 | Spider:2 | 25367 ||| READING scroll labelled GISCHI KASYE.
 25405 | Spider:3 | 25405 ||| DRINKING 11 potions of curing.
 25405 | Spider:3 | 25405 ||| (to cure confusion)
 25435 | Spider:3 | 25435 ||| FLEEEEING.
 25436 | Spider:3 | 25436 ||| FLEEEEING.
 25437 | Spider:3 | 25437 ||| STAIRDANCE
 25694 | Spider:3 | 25694 ||| INVOKING Heroism.
 25705 | Spider:3 | Received a gift from Okawaru
 25767 | Spider:3 | 25767 ||| Stepping ~*~*~tactically~*~*~ (stealth).
 25961 | Spider:3 | 25961 ||| INVOKING Heroism.
 25977 | Spider:3 | 25977 ||| DRINKING 11 potions of curing.
 25977 | Spider:3 | 25977 ||| (to cure confusion)
 26005 | Spider:3 | HP: 10/105 [disintegration (30)]
 26506 | Spider:3 | Reached XP level 17. HP: 110/110 MP: 24/24
 26587 | Spider:3 | 26587 ||| Stepping ~*~*~tactically~*~*~ (hiding).
 26589 | Spider:3 | 26589 ||| Stepping ~*~*~tactically~*~*~ (hiding).
 26597 | Spider:3 | 26597 ||| INVOKING Heroism.
 26866 | Spider:3 | 26866 ||| Stepping ~*~*~tactically~*~*~ (stealth).
 27003 | Spider:3 | 27003 ||| READING scroll of enchant armour.
 27003 | Spider:3 | 27003 ||| ENCHANTING +3 crystal plate armour.
 27028 | Spider:3 | 27028 ||| Stepping ~*~*~tactically~*~*~ (stealth).
 27036 | Spider:3 | 27036 ||| DRINKING 10 potions of curing.
 27036 | Spider:3 | 27036 ||| (to cure confusion)
 27197 | Spider:3 | 27197 ||| INVOKING Heroism.
 27209 | Spider:3 | 27209 ||| INVOKING Heroism.
 27261 | Spider:3 | 27261 ||| FLEEEEING.
 27264 | Spider:3 | 27264 ||| FLEEEEING.
 27265 | Spider:3 | 27265 ||| FLEEEEING.
 27266 | Spider:3 | 27266 ||| FLEEEEING.
 27267 | Spider:3 | 27267 ||| FLEEEEING.
 27268 | Spider:3 | 27268 ||| FLEEEEING.
 27269 | Spider:3 | 27269 ||| FLEEEEING.
 27270 | Spider:3 | 27270 ||| FLEEEEING.
 27271 | Spider:3 | 27271 ||| FLEEEEING.
 27272 | Spider:3 | 27272 ||| FLEEEEING.
 27273 | Spider:3 | 27273 ||| FLEEEEING.
 27274 | Spider:3 | 27274 ||| FLEEEEING.
 27275 | Spider:3 | 27275 ||| FLEEEEING.
 27276 | Spider:3 | 27276 ||| FLEEEEING.
 27277 | Spider:3 | 27277 ||| FLEEEEING.
 27278 | Spider:3 | 27278 ||| FLEEEEING.
 27279 | Spider:3 | 27279 ||| FLEEEEING.
 27280 | Spider:3 | 27280 ||| FLEEEEING.
 27281 | Spider:3 | 27281 ||| FLEEEEING.
 27282 | Spider:3 | 27282 ||| FLEEEEING.
 27283 | Spider:3 | 27283 ||| FLEEEEING.
 27284 | Spider:3 | 27284 ||| FLEEEEING.
 27285 | Spider:3 | 27285 ||| FLEEEEING.
 27286 | Spider:3 | 27286 ||| FLEEEEING.
 27530 | Spider:3 | 27530 ||| PLANNING SHOALS:1-3
 27530 | Spider:3 | 27530 ||| DROPPING +3 plate armour of fire resistance.
 27531 | Spider:3 | 27531 ||| DROPPING amulet of faith.
 27720 | Shoals:1 | Entered Level 1 of the Shoals
 27720 | Shoals:1 | Noticed Frances
 27721 | Shoals:1 | 27721 ||| INVOKING Heroism.
 27747 | Shoals:1 | Received a gift from Okawaru
 27751 | Shoals:1 | Killed Frances
 27814 | Shoals:1 | 27814 ||| Stepping ~*~*~tactically~*~*~ (hiding).
 27981 | Shoals:1 | Reached skill level 17 in Armour
 28218 | Shoals:1 | 28218 ||| INVOKING Heroism.
 28443 | Shoals:1 | 28443 ||| Stepping ~*~*~tactically~*~*~ (hiding).
 28623 | Shoals:2 | 28623 ||| Stepping ~*~*~tactically~*~*~ (hiding).
 28626 | Shoals:2 | 28626 ||| Stepping ~*~*~tactically~*~*~ (hiding).
 28628 | Shoals:2 | 28628 ||| INVOKING Heroism.
 28749 | Shoals:2 | 28749 ||| Stepping ~*~*~tactically~*~*~ (hiding).
 28750 | Shoals:2 | 28750 ||| Stepping ~*~*~tactically~*~*~ (stealth).
 28754 | Shoals:2 | 28754 ||| INVOKING Heroism.
 28816 | Shoals:2 | 28816 ||| Stepping ~*~*~tactically~*~*~ (stealth).
 28818 | Shoals:2 | 28818 ||| INVOKING Heroism.
 28851 | Shoals:2 | Noticed Polyphemus
 28852 | Shoals:2 | 28852 ||| INVOKING Heroism.
 28871 | Shoals:2 | Reached skill level 15 in Fighting
 28873 | Shoals:2 | Received a gift from Okawaru
 28897 | Shoals:2 | Killed Polyphemus
 29020 | Shoals:2 | Found Pukkuugh's Assorted Antiques.
 29054 | Shoals:2 | 29054 ||| BUYING potion of curing (75 gold).
 29054 | Shoals:2 | Bought a potion of curing for 75 gold pieces
 29054 | Shoals:2 | 29054 ||| BUYING potion of curing (75 gold).
 29054 | Shoals:2 | Bought a potion of curing for 75 gold pieces
 29054 | Shoals:2 | 29054 ||| BUYING scroll of teleportation (75 gold).
 29054 | Shoals:2 | Bought a scroll of teleportation for 75 gold pieces
 29088 | Shoals:2 | Identified the +6 ring mail of Ocuojum {Will+ Int+7 Dex-4
                  | Stlth+}
 29092 | Shoals:2 | 29092 ||| Stepping ~*~*~tactically~*~*~ (hiding).
 29319 | Shoals:2 | Noticed a kraken
 29330 | Shoals:2 | 29330 ||| INVOKING Heroism.
 29333 | Shoals:2 | Killed a kraken
 29369 | Shoals:2 | 29369 ||| INVOKING Heroism.
 29710 | Shoals:3 | 29710 ||| FLEEEEING.
 29711 | Shoals:3 | 29711 ||| STAIRDANCE
 29815 | Shoals:3 | 29815 ||| INVOKING Heroism.
 29821 | Shoals:3 | Reached skill level 18 in Armour
 29834 | Shoals:3 | 29834 ||| INVOKING Finesse.
 29879 | Shoals:3 | Received a gift from Okawaru
 29911 | Shoals:3 | Reached XP level 18. HP: 119/119 MP: 25/25
 29919 | Shoals:3 | 29919 ||| DROPPING +1 morningstar of holy wrath.
 30024 | Shoals:3 | 30024 ||| READING scroll of enchant weapon.
 30024 | Shoals:3 | 30024 ||| ENCHANTING +7 vampiric war axe.
 30256 | Shoals:3 | 30256 ||| Stepping ~*~*~tactically~*~*~ (hiding).
 30425 | Shoals:3 | 30425 ||| INVOKING Heroism.
 30431 | Shoals:3 | Reached skill level 15 in Shields
 30704 | Shoals:3 | 30704 ||| PLANNING SPIDER:4
 30865 | Spider:4 | Entered Level 4 of the Spider Nest
 30865 | Spider:4 | Noticed Arachne
 30866 | Spider:4 | 30866 ||| INVOKING Finesse.
 30891 | Spider:4 | Killed Arachne
 30892 | Spider:4 | Received a gift from Okawaru
 31007 | Spider:4 | 31007 ||| Stepping ~*~*~tactically~*~*~ (stealth).
 31008 | Spider:4 | 31008 ||| Stepping ~*~*~tactically~*~*~ (stealth).
 31080 | Spider:4 | Received a gift from Okawaru
 31081 | Spider:4 | 31081 ||| INVOKING Finesse.
 31185 | Spider:4 | 31185 ||| INVOKING Heroism.
 31199 | Spider:4 | HP: 29/120 [jumping spider (4)]
 31200 | Spider:4 | 31200 ||| READING 2 scrolls of teleportation.
 31201 | Spider:4 | 31201 ||| DRINKING 2 potions of heal wounds.
 31215 | Spider:4 | 31215 ||| INVOKING Heroism.
 31235 | Spider:4 | 31235 ||| DRINKING 2 potions of cancellation.
 31352 | Spider:4 | 31352 ||| INVOKING Heroism.
 31398 | Spider:4 | 31398 ||| INVOKING Heroism.
 31465 | Spider:4 | Reached skill level 19 in Armour
 31467 | Spider:4 | 31467 ||| INVOKING Finesse.
 31633 | Spider:4 | Got a gossamer rune of Zot
 31637 | Spider:4 | 31637 ||| INVOKING Heroism.
 31686 | Spider:4 | Received a gift from Okawaru
 31883 | Spider:4 | 31883 ||| Stepping ~*~*~tactically~*~*~ (stealth).
 31884 | Spider:4 | 31884 ||| Stepping ~*~*~tactically~*~*~ (stealth).
 31902 | Spider:4 | 31902 ||| DRINKING 11 potions of curing.
 31902 | Spider:4 | 31902 ||| (to cure confusion)
 31906 | Spider:4 | 31906 ||| DRINKING 10 potions of curing.
 31906 | Spider:4 | 31906 ||| (to cure confusion)
 32056 | Spider:4 | 32056 ||| DROPPING +0 pair of gloves of dexterity.
 32057 | Spider:4 | 32057 ||| UPGRADING to scarf of resistance.
 32285 | Spider:4 | 32285 ||| PLANNING VAULTS:1-4
 32567 | Vaults:1 | Entered Level 1 of the Vaults
 32778 | Vaults:1 | 32778 ||| READING scroll of enchant weapon.
 32778 | Vaults:1 | 32778 ||| ENCHANTING +8 vampiric war axe.
 33005 | Vaults:1 | 33005 ||| Stepping ~*~*~tactically~*~*~ (hiding).
 33063 | Vaults:1 | Received a gift from Okawaru
 33069 | Vaults:1 | 33069 ||| INVOKING Heroism.
 33081 | Vaults:1 | Identified the -1 helmet of Resilience {rC+ Regen+}
                  | (Okawaru gifted it to you on level 1 of the Vaults)
 33081 | Vaults:1 | Received a gift from Okawaru
 33097 | Vaults:1 | 33097 ||| INVOKING Heroism.
 33188 | Vaults:1 | 33188 ||| Stepping ~*~*~tactically~*~*~ (hiding).
 33195 | Vaults:1 | Reached XP level 19. HP: 128/128 MP: 26/26
 33308 | Vaults:1 | 33308 ||| INVOKING Heroism.
 33309 | Vaults:1 | 33309 ||| INVOKING Finesse.
 33416 | Vaults:1 | 33416 ||| INVOKING Heroism.
 33443 | Vaults:1 | Reached skill level 20 in Armour
 33509 | Vaults:1 | 33509 ||| INVOKING Finesse.
 33538 | Vaults:1 | 33538 ||| INVOKING Heroism.
 33693 | Vaults:1 | 33693 ||| Stepping ~*~*~tactically~*~*~ (stealth).
 33805 | Vaults:1 | Found a runed translucent door.
 33805 | Vaults:1 | Noticed qw's ghost (adept GrFi)
 34113 | Vaults:1 | 34113 ||| UPGRADING to -1 helmet of Resilience {rC+
                  | Regen+}.
 34123 | Vaults:1 | 34123 ||| DROPPING +2 hat.
 34124 | Vaults:1 | 34124 ||| DROPPING amulet of regeneration.
 34253 | Vaults:2 | 34253 ||| Stepping ~*~*~tactically~*~*~ (hiding).
 34362 | Vaults:2 | Found a large runed translucent door.
 34366 | Vaults:2 | Found a large runed translucent door.
 34367 | Vaults:2 | Noticed rgbqcd's ghost (veteran MiBe)
 34448 | Vaults:2 | Reached skill level 9 in Throwing
 34495 | Vaults:2 | Found Eqeutyat's Antique Weapon Shoppe.
 34566 | Vaults:2 | 34566 ||| READING scroll of enchant armour.
 34566 | Vaults:2 | 34566 ||| ENCHANTING +4 crystal plate armour.
 34764 | Vaults:2 | 34764 ||| INVOKING Finesse.
 34804 | Vaults:2 | 34804 ||| Stepping ~*~*~tactically~*~*~ (hiding).
 34805 | Vaults:2 | Paralysed by a great orb of eyes for 4 turns
 34814 | Vaults:2 | Identified the +1 helmet of the Onion {Harm Slay+2 Stlth+}
                  | (Okawaru gifted it to you on level 2 of the Vaults)
 34814 | Vaults:2 | Received a gift from Okawaru
 34831 | Vaults:2 | 34831 ||| Stepping ~*~*~tactically~*~*~ (stealth).
 34939 | Vaults:2 | Reached skill level 18 in Fighting
 35050 | Vaults:2 | 35050 ||| Stepping ~*~*~tactically~*~*~ (hiding).
 35381 | Vaults:2 | 35381 ||| DROPPING +1 helmet of the Onion {Harm Slay+2
                  | Stlth+}.
 35382 | Vaults:2 | 35382 ||| DROPPING +1 pair of gloves.
 35471 | Vaults:3 | 35471 ||| Stepping ~*~*~tactically~*~*~ (stealth).
 35473 | Vaults:3 | 35473 ||| Stepping ~*~*~tactically~*~*~ (stealth).
 35685 | Vaults:3 | 35685 ||| Stepping ~*~*~tactically~*~*~ (hiding).
 35689 | Vaults:3 | Reached XP level 20. HP: 136/136 MP: 27/27
 35689 | Vaults:3 | 35689 ||| Stepping ~*~*~tactically~*~*~ (hiding).
 35801 | Vaults:3 | 35801 ||| Stepping ~*~*~tactically~*~*~ (hiding).
 35804 | Vaults:3 | 35804 ||| INVOKING Heroism.
 35820 | Vaults:3 | Found a staircase to the Crypt.
 35848 | Vaults:3 | 35848 ||| Stepping ~*~*~tactically~*~*~ (stealth).
 35887 | Vaults:3 | 35887 ||| Stepping ~*~*~tactically~*~*~ (hiding).
 35888 | Vaults:3 | 35888 ||| Stepping ~*~*~tactically~*~*~ (hiding).
 35889 | Vaults:3 | 35889 ||| Stepping ~*~*~tactically~*~*~ (hiding).
 36036 | Vaults:3 | Reached skill level 21 in Armour
 36069 | Vaults:3 | 36069 ||| INVOKING Heroism.
 36123 | Vaults:3 | 36123 ||| FLEEEEING.
 36124 | Vaults:3 | 36124 ||| FLEEEEING.
 36125 | Vaults:3 | 36125 ||| FLEEEEING.
 36126 | Vaults:3 | 36126 ||| FLEEEEING.
 36127 | Vaults:3 | 36127 ||| FLEEEEING.
 36128 | Vaults:3 | 36128 ||| FLEEEEING.
 36129 | Vaults:3 | 36129 ||| FLEEEEING.
 36130 | Vaults:3 | 36130 ||| FLEEEEING.
 36131 | Vaults:3 | 36131 ||| FLEEEEING.
 36132 | Vaults:3 | 36132 ||| FLEEEEING.
 36133 | Vaults:3 | 36133 ||| FLEEEEING.
 36134 | Vaults:3 | 36134 ||| FLEEEEING.
 36135 | Vaults:3 | 36135 ||| FLEEEEING.
 36136 | Vaults:3 | 36136 ||| FLEEEEING.
 36137 | Vaults:3 | 36137 ||| FLEEEEING.
 36138 | Vaults:3 | 36138 ||| FLEEEEING.
 36139 | Vaults:3 | 36139 ||| FLEEEEING.
 36140 | Vaults:3 | 36140 ||| FLEEEEING.
 36141 | Vaults:3 | 36141 ||| FLEEEEING.
 36142 | Vaults:3 | 36142 ||| FLEEEEING.
 36143 | Vaults:3 | 36143 ||| FLEEEEING.
 36144 | Vaults:3 | 36144 ||| FLEEEEING.
 36145 | Vaults:3 | 36145 ||| FLEEEEING.
 36146 | Vaults:3 | 36146 ||| FLEEEEING.
 36147 | Vaults:3 | 36147 ||| FLEEEEING.
 36148 | Vaults:3 | 36148 ||| FLEEEEING.
 36149 | Vaults:3 | 36149 ||| FLEEEEING.
 36150 | Vaults:3 | 36150 ||| FLEEEEING.
 36151 | Vaults:3 | 36151 ||| FLEEEEING.
 36152 | Vaults:3 | 36152 ||| FLEEEEING.
 36153 | Vaults:3 | 36153 ||| FLEEEEING.
 36154 | Vaults:3 | 36154 ||| FLEEEEING.
 36155 | Vaults:3 | 36155 ||| FLEEEEING.
 36156 | Vaults:3 | 36156 ||| FLEEEEING.
 36157 | Vaults:3 | 36157 ||| FLEEEEING.
 36158 | Vaults:3 | 36158 ||| FLEEEEING.
 36159 | Vaults:3 | 36159 ||| FLEEEEING.
 36160 | Vaults:3 | 36160 ||| FLEEEEING.
 36161 | Vaults:3 | 36161 ||| FLEEEEING.
 36180 | Vaults:3 | Received a gift from Okawaru
 36181 | Vaults:3 | 36181 ||| INVOKING Heroism.
 36670 | Vaults:3 | 36670 ||| Stepping ~*~*~tactically~*~*~ (hiding).
 36676 | Vaults:3 | Received a gift from Okawaru
 36742 | Vaults:3 | 36742 ||| READING scroll of enchant armour.
 36742 | Vaults:3 | 36742 ||| ENCHANTING +5 crystal plate armour.
 37155 | Vaults:4 | 37155 ||| INVOKING Heroism.
 37178 | Vaults:4 | Reached skill level 22 in Armour
 37218 | Vaults:4 | Found Wuba's Armour Boutique.
 37252 | Vaults:4 | 37252 ||| DRINKING 10 potions of curing.
 37252 | Vaults:4 | 37252 ||| (to cure confusion)
 37263 | Vaults:4 | 37263 ||| FLEEEEING.
 37267 | Vaults:4 | 37267 ||| STAIRDANCE
 37457 | Vaults:4 | 37457 ||| INVOKING Heroism.
 37458 | Vaults:4 | Received a gift from Okawaru
 37510 | Vaults:4 | 37510 ||| FLEEEEING.
 37511 | Vaults:4 | 37511 ||| FLEEEEING.
 37517 | Vaults:4 | 37517 ||| FLEEEEING.
 37518 | Vaults:4 | 37518 ||| FLEEEEING.
 37519 | Vaults:4 | 37519 ||| FLEEEEING.
 37841 | Vaults:4 | Received a gift from Okawaru
 38036 | Vaults:4 | 38036 ||| INVOKING Heroism.
 38050 | Vaults:4 | Noticed a golden dragon
 38051 | Vaults:4 | 38051 ||| INVOKING Finesse.
 38068 | Vaults:4 | Received a gift from Okawaru
 38101 | Vaults:4 | Killed a golden dragon
 38112 | Vaults:4 | 38112 ||| INVOKING Heroism.
 38211 | Vaults:4 | Found Uvealin's Armour Emporium.
 38216 | Vaults:4 | 38216 ||| BUYING +9 ice dragon scales of the Worm {rF- rC++
                  | Will+ Int+3 Slay-6 SInv} (1242 gold).
 38216 | Vaults:4 | Bought the +9 ice dragon scales of the Worm {rF- rC++ Will+
                  | Int+3 Slay-6 SInv} for 1242 gold pieces
 38258 | Vaults:4 | Identified the +0 chain mail of Hoycof {Rampage Int+3
                  | Dex-3}
 38361 | Vaults:4 | 38361 ||| INVOKING Heroism.
 38361 | Vaults:4 | HP: 32/139 [vault warden/+0 bardiche (40)]
 38362 | Vaults:4 | 38362 ||| READING 4 scrolls of teleportation.
 38362 | Vaults:4 | Slain by a vault warden

Levels and vault maps discovered:
D:1:      minmay_arrival_four_loops, layout_loops_ring,
          minmay_misc_feat_more_columns
D:2:      layout_basic, uniq_crazy_yiuf_cottage
D:3:      layout_loops_corners, lemuel_doored_altar, gammafunk_ghost_necromancy,
          hellmonk_ecumenical_altar_prayer_group, minmay_lizard_king,
          uniq_terence
D:4:      cheibrodos_helix_gallery, layout_basic,
          mainiacjoe_overflow_catwalk_spiral, nicolae_ossuary_entry_ruins,
          minmay_bent, uniq_sigmund, uniq_blork_the_orc
D:5:      layout_loops_cross, kennysheep_generic_room_11, uniq_pikel, uniq_ijyb
D:6:      layout_basic, mainiacjoe_overflow_six_doors_small
D:7:      layout_loops_ring, minitemple, minmay_temple_entry_ruins, the_hattery,
          uniq_joseph
D:8:      minmay_recursive_quarters, layout_loops_ring, uniq_grum
D:9:      layout_basic, nicolae_shop_i_like_small_books_too
D:10:     minmay_bloctagon_deflated, layout_loops_ring,
          mainiacjoe_overflow_boulevard, david_orc_2, serial_ice, serial_ice_a,
          serial_ice_g, serial_ice_k, serial_ice_d, serial_ice_h
D:11:     layout_long_grid, erik_lair_dragon
D:12:     layout_cave_pods, uniq_rupert
D:13:     minmay_shoctagon, layout_basic, lightli_vaults_fourway_checkpoint,
          ploomutoo_gammafunk_ghost_potion_laboratory,
          cheibrodos_ashenzari_chains, uniq_maurice
D:14:     layout_rooms, grunt_decor_mini_mirrors
D:15:     hangedman_depths_entry_civil_slaughter, layout_irregular_city,
          portal_ice_cave_entry_ice_statue_two, serial_column_ruins,
          column_ruins_hut, column_ruins_open_tiny, column_ruins_grid_1,
          column_ruins_corridor_corner, column_ruins_open_small_water,
          column_ruins_open_small, column_ruins_open_tiny,
          column_ruins_columns_T, hangedman_decor_clover_reticule
Lair:1:   wander_river, layout_layer_cave, st_stairs_3,
          nicolae_lair_run_with_the_wolves
Lair:2:   gammafunk_lair_enchanted_lake, layout_regular_city,
          minmay_shoals_entry_centaurs, gammafunk_ghost_hydra_chop
Lair:3:   layout_regular_city, spider_nest_entry_a, columned_hall_lemuel
Lair:4:   dreamdust_isle_of_ice, layout_regular_city, uniq_snorg
Lair:5:   hangedman_lair_tendril_chambers, layout_regular_city,
          nicolae_slime_entry_slimehenge
Shoals:1: layout_shoals, uniq_frances
Shoals:2: layout_shoals, serial_shops, shop, uniq_polyphemus
Shoals:3: layout_shoals, nicolae_shoals_flooded_hall
Spider:1: layout_cave_pods, drop_trap, hellmonk_test_site
Spider:2: layout_spider_delve, drop_trap, uniq_azrael, uniq_aizul
Spider:3: layout_cave_pods
Spider:4: grunt_spider_rune_parallel, nicolae_spider_cling_ruins, uniq_arachne
Orc:1:    layout_caves, serial_shops, nicolae_shop_just_a_little_nook,
          basic_altar, gammafunk_ghost_berserking_beasts, uniq_erolcha
Orc:2:    grunt_orc_gardens, layout_caves, grunt_orc_garden, grunt_orc_garden,
          grunt_orc_garden, grunt_orc_garden
Vaults:1: hellmonk_ghost_happy_afterlife, dpeg_vaults_pockets_of_resistance,
          nicolae_vaults_tangram_2, v_alt_pattern_4, vaults_mumra_minichess,
          nicolae_vaults_layer_cake_slice, v_misc_10, ontoclasm_vaults_bender,
          ontoclasm_vaults_idyll, nicolae_vaults_house_3, layout_vaults_big_room
Vaults:2: ebering_ghost_disaster_area, nicolae_vaults_specimen_jars,
          nicolae_vaults_house_1, vaults_mumra_minichess_inversion,
          nicolae_vaults_shelves_hall, hangedman_vaults_cutoff,
          nicolae_vaults_double_plus_3, nicolae_vaults_storage_closets_3,
          v_pattern_1, nicolae_vaults_closet_pinwheel_4,
          hangedman_vaults_corner, ontoclasm_vaults_decontamination,
          hangedman_vaults_stretched_pinwheel,
          nicolae_vaults_storage_room_statues, layout_vaults_big_cross,
          serial_shops, shop
Vaults:3: minmay_crypt_entry_nasty_monster, ontoclasm_vaults_misaligned,
          hangedman_vaults_cutoff, v_rooms_2, nicolae_vaults_gold_heap,
          nicolae_vaults_big_angled_halls, ontoclasm_vaults_pinch,
          nicolae_vaults_alarming, v_misc_26, vaults_dpeg_ring,
          layout_vaults_quadrants
Vaults:4: nzn_ghost_randoct, st_check, ontoclasm_vaults_ring_small,
          hangedman_vaults_pinch, nicolae_vaults_spaceships,
          nicolae_vaults_little_squares_5, nicolae_vaults_diamond_2,
          nicolae_vaults_rhombus_6, vaults_room_corners,
          nicolae_vaults_big_angled_halls, v_alt_pattern_1,
          nicolae_vaults_closet_pinwheel_1, dpeg_vaults_monster_box,
          vaults_dpeg_diagonal, nicolae_vaults_double_plus_1,
          layout_vaults_maze_snakey, serial_shops, shop

Skill      XL: |  1  2  3  4  5  6  7  8  9 10 11 12 13 14 15 16 17 18 19 20 |
---------------+-------------------------------------------------------------+-----
Axes           | 2 3 4 5 6 7 8 10 11 12 14 16 | 16.0
Fighting       | 4 5 6 8 9 10 11 12 13 15 17 18 19 | 19.2
Armour         | 13 14 16 18 19 20 22 | 22.0
Shields        | 5 8 9 10 12 13 14 15 16 17 | 17.0
Throwing       | 1 2 4 5 6 7 8 9 10 | 10.0
Invocations    | 3 4 6 10 | 10.0
Dodging        | 1 2 |  2.1

Action                     |  1- 3 |  4- 6 |  7- 9 | 10-12 | 13-15 | 16-18 | 19-21 || total
---------------------------+-------+-------+-------+-------+-------+-------+-------++-------
  Melee: War axe           |   121 |   152 |   181 |   347 |  1302 |  1860 |  1083 ||  5046
         Broad axe         |       |       |    52 |   392 |       |       |       ||   444
         Morningstar       |       |       |       |       |    11 |       |       ||    11
  Throw: Javelin           |       |       |    16 |    34 |   167 |   245 |    88 ||   550
         Boomerang         |       |       |     1 |    75 |    53 |    19 |    17 ||   165
 Invoke: Heroism           |       |       |       |    31 |    38 |    35 |    11 ||   115
         Finesse           |       |       |       |       |     4 |     4 |     4 ||    12
    Use: Scroll            |     4 |     6 |    19 |     4 |     5 |     8 |     3 ||    49
         Potion            |     1 |     3 |     4 |       |     3 |    10 |     1 ||    22
   Stab: Petrified         |       |       |       |       |       |    13 |       ||    13
         Petrifying        |       |       |       |       |       |     3 |       ||     3
         Distracted        |       |       |       |       |       |       |     1 ||     1
 Armour: Scale mail        |    29 |       |       |       |       |       |       ||    29
         Chain mail        |    56 |    77 |     4 |       |       |       |       ||   137
         Plate armour      |       |       |   127 |   452 |       |       |       ||   579
         Crystal plate arm |       |       |       |   150 |   920 |  1680 |   511 ||  3261
  Dodge: Dodged            |    47 |    45 |    62 |   205 |   244 |   488 |   127 ||  1218
  Block: Buckler           |    27 |    20 |    26 |       |       |       |       ||    73
         Kite shield       |       |       |    22 |   471 |  1147 |  2111 |   720 ||  4471
         Reflection        |       |       |       |    11 |    55 |    29 |    59 ||   154

Table legend:
 A = Non-vault XP
 B = Vault XP
 C = Vault XP percentage of total XP
 D = Non-vault monster count
 E = Vault monster count
 F = Vault count percentage of total count
                 A         B        C        D         E       F
            +---------+---------+-------+---------+---------+-------
      Total |  324890 |  164125 |  33.6 |     961 |     375 |  28.1
            +---------+---------+-------+---------+---------+-------
        D:1 |      49 |       0 |   0.0 |      24 |       0 |   0.0
        D:2 |      57 |       0 |   0.0 |      13 |       0 |   0.0
        D:3 |      40 |      48 |  54.5 |      15 |      11 |  42.3
        D:4 |     198 |     563 |  74.0 |      14 |      12 |  46.2
        D:5 |     362 |     680 |  65.3 |      15 |       3 |  16.7
        D:6 |     798 |       0 |   0.0 |      16 |       0 |   0.0
        D:7 |     573 |     684 |  54.4 |      14 |       2 |  12.5
        D:8 |    1133 |    1437 |  55.9 |      22 |      13 |  37.1
        D:9 |    1470 |       0 |   0.0 |      25 |       0 |   0.0
       D:10 |    2882 |    4241 |  59.5 |      21 |      30 |  58.8
       D:11 |    2769 |     958 |  25.7 |      37 |       5 |  11.9
       D:12 |    2444 |    1887 |  43.6 |      14 |       1 |   6.7
       D:13 |    7553 |    9781 |  56.4 |      19 |      18 |  48.6
       D:14 |    8657 |       0 |   0.0 |      22 |       0 |   0.0
       D:15 |   12264 |    5377 |  30.5 |      23 |       9 |  28.1
     Lair:1 |    9818 |    1693 |  14.7 |      45 |       7 |  13.5
     Lair:2 |    1593 |    1579 |  49.8 |       9 |       8 |  47.1
     Lair:3 |    3272 |     235 |   6.7 |      11 |       1 |   8.3
     Lair:4 |    3937 |    5111 |  56.5 |      15 |      19 |  55.9
     Lair:5 |   12109 |   10194 |  45.7 |      41 |      40 |  49.4
   Shoals:1 |    8590 |    1369 |  13.7 |      19 |       1 |   5.0
   Shoals:2 |   19893 |    5585 |  21.9 |      37 |       6 |  14.0
   Shoals:3 |   13883 |    3926 |  22.0 |      27 |      10 |  27.0
   Spider:1 |   15380 |     826 |   5.1 |      45 |       1 |   2.2
   Spider:2 |   15075 |    3301 |  18.0 |      51 |       9 |  15.0
   Spider:3 |   26676 |       0 |   0.0 |      72 |       0 |   0.0
   Spider:4 |   25567 |   16607 |  39.4 |      57 |      35 |  38.0
      Orc:1 |    2586 |     867 |  25.1 |      47 |       1 |   2.1
      Orc:2 |    2493 |   10297 |  80.5 |      17 |      27 |  61.4
   Vaults:1 |   30770 |   31211 |  50.4 |      45 |      37 |  45.1
   Vaults:2 |   22405 |   18339 |  45.0 |      31 |      26 |  45.6
   Vaults:3 |   41378 |    7776 |  15.8 |      58 |      11 |  15.9
   Vaults:4 |   28216 |   18920 |  40.1 |      40 |      19 |  32.2
    Ossuary |       0 |     633 | 100.0 |       0 |      13 | 100.0
            +---------+---------+-------+---------+---------+-------
